 Dungeon Crawl Stone Soup version 0.27-a0-1312-g5cdb2b3542 (webtiles) character file.

Game seed: 7559237873960849621

0 spiderkeys the Skirmisher (level 1, -12/16 HPs)
             Began as an Octopode Abyssal Knight on June 20, 2021.
             Was a Follower of Lugonu.
             Mangled by a brown very ugly thing (27 damage)
             ... on level 1 of the Abyss.
             The game lasted 00:00:26 (125 turns).

spiderkeys the Skirmisher (Octopode Abyssal Knight)  Turns: 125, Time: 00:00:27

Health: -12/16     AC:  1    Str: 11    XL:     1   Next: 0%
Magic:  2/2        EV: 13    Int: 14    God:    Lugonu [*.....]
Gold:   0          SH:  0    Dex: 11    Spells: 0/0 levels left

rFire    . . .     SeeInvis .   a - +1 spear
rCold    . . .     Faith    .   (no shield)
rNeg     . . .     Spirit   .   (helmet restricted)
rPois    .         Reflect  .   (no amulet)
rElec    .         Harm     .   (no ring)
rCorr    .         Rampage  .   (no ring)
Will     .....                  (no ring)
Stlth    ++........             (no ring)
HPRegen  0.05/turn              (no ring)
MPRegen  0.08/turn              (no ring)
                                (no ring)
                                (no ring)

@: no status effects
A: almost no armour, amphibious, 8 rings, camouflage 1, gelatinous body 1,
(nimble swimmer 1), tentacles
a: Renounce Religion, Depart the Abyss


You were on level 1 of the Abyss.
You worshipped Lugonu.
Lugonu was aware of your devotion.
You visited 0 branches of the dungeon, and saw 0 of its levels.
You visited the Abyss 1 time.


Innate Abilities, Weirdness & Mutations

You cannot wear most types of armour.
You are amphibious.
You can wear up to eight rings at the same time.
Your skin changes colour to match your surroundings (Stealth+).
Your rubbery body absorbs attacks. (AC +1, EV +1)
((You are camouflaged near water. (Stealth+)))
You have tentacles for arms and can constrict up to eight enemies at once.


   Skills:
 + Level 3.0 Fighting
 + Level 2.0 Polearms
 + Level 2.3 Dodging
 + Level 2.0 Invocations


You couldn't memorise any spells.
You didn't know any spells.
Your spell library was empty.

Inventory:

Hand Weapons
 a - a +1 spear (weapon)
Potions
 b - a potion of might {unknown}

Dungeon Overview and Level Annotations

Branches:
Dungeon (0/15)

Altars:

### .# ..###
.# #.##..# ..
#...@### .##
#.##.u.##..#
###...##.#
##.#5.....#
.##.#..######
###.....#.#.#
..#...#..#.##
.
#.######.#.#
.#.## #.##..#


You could see a brown very ugly thing and a white imp.


Message History

🤖 Initializing magus.rc ...
Options error: Delay interrupt name "hungry" not recognised. (~/.crawlrc:4988) ✅ Successfully initialized magus.rc [v1.9.10] Welcome, spiderkeys the Octopode Abyssal Knight.
Will you be the one to retrieve the fabled Orb of Zot from the depths?
Lugonu says: Depart the Abyss and spread corruption, my servant! (use the ability menu to exit the Abyss) Press ? for a list of commands and other information.
Found a corrupted altar of Lugonu.
There is a corrupted altar of Lugonu here.
A tentacled starspawn comes into view.
Found a gateway leading out of the Abyss.
There is a gateway leading out of the Abyss here.
Tentacles burst from the starspawn's body! 2 starspawn tentacles come into view.
The starspawn tentacle misses you.
b - a brown potion
There are no items here.
Tentacles burst from the starspawn's body! 2 starspawn tentacles come into view.
You see here a scroll labelled KEUGHI WURPHE.
c - a scroll labelled KEUGHI WURPHE The starspawn tentacle grabs you.
The starspawn tentacle constricts you. 😕 HP[-3]
You take 3 damage, and now have 13/16 hp.
Blink to where?
Press: ? - help, Dir - move target You escape the starspawn tentacle's grasp.
As you read the scroll labelled KEUGHI WURPHE, it crumbles to dust.
It was a scroll of blinking. 😕 HP[+1]
A white imp comes into view.
The white imp shouts, "Out, out, thou euchred hell-hated baggage!"
A brown very ugly thing comes into view. 😕 HP[+1]
The white imp shouts, "Face thy fugue, thou unmuzzled two-tin-hat slabber!"
The brown very ugly thing tail-slaps you!!
Ouch! That really hurt!
You die...

Action                   || total
-------------------------++-------
  Use: Scroll            ||     1
Dodge: Dodged            ||     1

Levels and vault maps discovered:
Abyss:1:  base: Temple, minivault_20, evilmike_abyss_exit_mutagenic, base:
Temple

Notes
Turn   | Place    | Note
-------+----------+-------------------------------------------
     0 | Abyss:1  | spiderkeys the Octopode Abyssal Knight began the quest for
                  | the Orb.
     0 | Abyss:1  | Reached XP level 1. HP: 16/16 MP: 2/2
     0 | Abyss:1  | magus.rc [v1.9.10]
    58 | Abyss:1  | Noticed a tentacled starspawn
   110 | Abyss:1  | Noticed a brown very ugly thing
   125 | Abyss:1  | Mangled by a brown very ugly thing

Vanquished Creatures (others)
  4 starspawn tentacles (Abyss:1)
4 creatures vanquished.

Table legend:
 A = Non-vault XP
 B = Vault XP
 C = Vault XP percentage of total XP
 D = Non-vault monster count
 E = Vault monster count
 F = Vault count percentage of total count
                 A         B        C        D         E       F
            +---------+---------+-------+---------+---------+-------
      Total |       0 |       0 |   N/A |       0 |       0 |  -nan
            +---------+---------+-------+---------+---------+-------
            +---------+---------+-------+---------+---------+-------

Illustrated notes

Table legend: (Time is in decaauts)
 A = Elapsed time spent in this place.
 B = Non-inter-level travel time spent in this place.
 C = Inter-level travel time spent in this place.
 D = Time resting spent in this place.
 E = Time spent auto-exploring this place.
 F = Levels seen in this place.
 G = Mean time per level.
                   A        B        C        D        E       F      G
               +--------+--------+--------+--------+--------+-----+--------+
         Total |    125 |    125 |      0 |      0 |     58 |   1 |  125.0 |
         Abyss |    125 |    125 |      0 |      0 |     58 |   1 |  125.0 |
               +--------+--------+--------+--------+--------+-----+--------+

Top non-repeatable levels by time:
 Abyss:1: 125 daAuts
